 Dungeon Crawl Stone Soup version 0.31-a0-234-gad7ace16ef (webtiles) character file.

Game seed: 597497839442053110

135 qw the Shooter (level 5, 0/30 HPs)
             Began as a Gargoyle Hexslinger on July 9, 2023.
             Slain by an orc wizard
             ... wielding a +0 dagger
              (3 damage)
             ... on level 3 of the Dungeon.
             The game lasted 00:00:57 (1749 turns).

qw the Shooter (Gargoyle Hexslinger)                Turns: 1749, Time: 00:00:58

Health: 0/30       AC:  9    Str: 12    XL:     5   Next: 18%
Magic:  6/6        EV: 10    Int: 13    God:
Gold:   132        SH:  0    Dex: 14    Spells: 5/6 levels left

rFire   . . .        Y - +1 sling
rCold   . . .        (no shield)
rNeg    + . .        f - +0 ring mail
rPois   inf          (no helmet)
rElec   +            (no cloak)
rCorr   .            (no gloves)
SInv    .            (no boots)
Will    .....        (no amulet)
Stlth   +            (no ring)
HPRegen 0.25/turn    (no ring)
MPRegen 0.10/turn

%: no passive effects
@: no status effects
A: sickness immunity, AC +4, negative energy resistance 1, electricity
resistance, torment resistance 1, petrification resistance
a: no special abilities


You were on level 3 of the Dungeon.
You visited 1 branch of the dungeon, and saw 3 of its levels.

You collected 132 gold pieces.


Innate Abilities, Weirdness & Mutations

You are immune to sickness and miasma.
Your stone body is resilient. (AC +4)
You are immune to poison.
You resist negative energy. (rN+)
You are resistant to electric shocks. (rElec)
You are resistant to unholy torment.
You are immune to petrification.


   Skills:
 - Level 2.0 Fighting
 + Level 4.8 Ranged Weapons
 - Level 1.0 Armour
 - Level 1.5 Dodging
 - Level 1.0 Spellcasting
 - Level 2.6 Hexes


You had 5 spell levels left.
You knew the following spells:

 Your Spells              Type           Power      Damage    Failure   Level
a - Slow                  Hex            28%        N/A       22%         1

Your spell library contained the following spells:

 Spells                   Type           Power      Damage    Failure   Level
 Inner Flame              Hex/Fire       4%         N/A       73%         3
 Portal Projectile        Hex/Tloc       8%         N/A       73%         3
 Cause Fear               Hex            3%         N/A       91%         4

Inventory:

Hand Weapons
 Y - a +1 sling (weapon)
Armour
 f - a +0 ring mail (worn)
Jewellery
 e - a ring of positive energy
Scrolls
 a - a scroll of amnesia {unknown}
Potions
 b - a potion of brilliance {unknown}
 c - a potion of mutation {unknown}
 d - a potion of cancellation {unknown}
 h - a potion of heal wounds {unknown}
 i - a potion of degeneration {unknown}
 j - 2 potions of attraction {unknown}

Dungeon Overview and Level Annotations

Branches:
Dungeon (3/15)

Altars:
Zin


Message History

Things that are here:
a +0 war axe; a +0 falchion; an orc corpse
1733 ||| STILL FLEEEEING.
Something hits you but does no damage.
You shoot a sling bullet. The sling bullet hits the endoplasm.
The endoplasm is severely wounded.
You hear some strange, mumbled words.
You are confused.
Something hits you but does no damage. Something hits you.
Something hits you but does no damage. Something hits you but does no damage.
You feel less confused. Something hits you but does no damage.
You shoot a sling bullet. The sling bullet hits the endoplasm.
You kill the endoplasm!
You hear some strange, mumbled words.
A puff of flame appears from out of thin air!
The puff of flame hits you.
1741 ||| STILL FLEEEEING.
Something hits you but does no damage.
A magic dart appears from out of thin air!
The magic dart hits you!
You shoot a sling bullet. Something hits you.
You shoot a sling bullet. Something hits you.
You shoot a sling bullet.
You hear some strange, mumbled words.
A magic dart appears from out of thin air!
The magic dart hits you.
You shoot a sling bullet. Something hits you but does no damage.
You shoot a sling bullet. Something hits you. x2
You shoot a sling bullet. Something hits you but does no damage.
You shoot a sling bullet. Something hits you but does no damage.
You shoot a sling bullet. Something hits you.
You die...

..## #...... ..P ...
.J..... .... #.## ##.......
#....## #..###).#.....
.###.##..## ##............
.<........####....####.....
...........##.%#### ....
......<.(#.##)## ...
.........#.@{)# ...
.........#.#...# ...#
...........###.# ######.##
##.#####...# ... #...##.##
.. ###..# ##.# #...##.## #.
##....# ..##...##.##
#.##:.##.# ..#..(....#
#..#.###.777777777...##...
#...# #7..~~~~~..7..##.##


There were no monsters in sight!

Vanquished Creatures
  An orc priest (D:3)
  2 adders
  4 dart slugs
  6 orcs (D:3)
  3 ball pythons
  3 endoplasms
  3 giant cockroaches
  10 goblins
  8 hobgoblins
  8 jackals
  4 kobolds
  2 quokkas
  2 bats (D:1)
  4 frilled lizards
  7 rats
67 creatures vanquished.

Notes
Turn   | Place    | Note
-------+----------+-------------------------------------------
     0 | D:1      | qw the Gargoyle Hexslinger began the quest for the Orb.
     0 | D:1      | Reached XP level 1. HP: 12/12 MP: 2/2
     0 | D:1      | 0 ||| qw: Version: 0.3-a-51-g015441d
     0 | D:1      | 0 ||| qw: Game counter: 4360
     0 | D:1      | 0 ||| qw: Melee chars always use a shield: true
     0 | D:1      | 0 ||| qw: God list: Okawaru
     0 | D:1      | 0 ||| qw: Allow faded altars: false
     0 | D:1      | 0 ||| qw: Do Orc after clearing Dungeon:15 true
     0 | D:1      | 0 ||| qw: Do second Lair branch before Depths: true
     0 | D:1      | 0 ||| qw: Lair rune preference: random
     0 | D:1      | 0 ||| qw: Goals: Normal
     0 | D:1      | 0 ||| PLANNING D:1-11
    99 | D:1      | 99 ||| FLEEEEING.
   100 | D:1      | 100 ||| FLEEEEING.
   102 | D:1      | Reached XP level 2. HP: 13/16 MP: 3/3
   152 | D:1      | Reached skill level 3 in Ranged Weapons
   164 | D:1      | HP: 4/16 [jackal (2)]
   240 | D:1      | 240 ||| FLEEEEING.
   241 | D:1      | 241 ||| FLEEEEING.
   242 | D:1      | 242 ||| FLEEEEING.
   244 | D:1      | 244 ||| FLEEEEING.
   245 | D:1      | 245 ||| FLEEEEING.
   303 | D:1      | Reached XP level 3. HP: 21/21 MP: 4/4
   590 | D:1      | 590 ||| UPGRADING to +0 leather armour.
   600 | D:1      | 600 ||| DROPPING +0 robe.
   601 | D:1      | 601 ||| UPGRADING to +0 ring mail.
   611 | D:1      | 611 ||| DROPPING +0 leather armour.
   612 | D:1      | 612 ||| READING scroll labelled YFANKA YNIERALI.
   613 | D:1      | 613 ||| READING scroll labelled JEMYDE GUEFIF.
   614 | D:1      | 614 ||| DROPPING scroll of poison.
   993 | D:2      | Reached XP level 4. HP: 26/26 MP: 5/5
  1119 | D:2      | Reached skill level 4 in Ranged Weapons
  1378 | D:2      | 1378 ||| READING 2 scrolls labelled DILLOE QOALUI.
  1379 | D:2      | 1379 ||| DROPPING scroll of blinking.
  1468 | D:3      | Reached skill level 1 in Armour
  1547 | D:3      | Found a glowing silver altar of Zin.
  1711 | D:3      | Reached XP level 5. HP: 28/30 MP: 6/6
  1727 | D:3      | 1727 ||| FLEEEEING.
  1728 | D:3      | 1728 ||| FLEEEEING.
  1729 | D:3      | 1729 ||| FLEEEEING.
  1731 | D:3      | 1731 ||| FLEEEEING.
  1732 | D:3      | 1732 ||| FLEEEEING.
  1744 | D:3      | HP: 5/30 [something/magic dart (6)]
  1746 | D:3      | HP: 2/30 [something (1)]
  1749 | D:3      | Slain by an orc wizard

Levels and vault maps discovered:
D:1:      nagdon_arrival_zigzag_paths, layout_basic
D:2:      layout_basic, minmay_goblin_outpost
D:3:      layout_rooms, mainiacjoe_overflow_paths,
          shapermc_ecumenical_altar_mp_ritualfount

Skill      XL: |  1  2  3  4 |
---------------+-------------+-----
Ranged Weapons | 3 4 |  4.8
Fighting       | 2 |  2.0
Armour         | 1 |  1.0
Dodging        | |  1.5
Spellcasting   | |  1.0
Hexes          | |  2.6

Action                     |  1- 3 |  4- 6 || total
---------------------------+-------+-------++-------
   Fire: Sling             |   134 |   103 ||   237
    Use: Scroll            |     2 |     1 ||     3
 Armour: Robe              |    16 |       ||    16
         Ring mail         |    23 |    27 ||    50
  Dodge: Dodged            |    60 |    22 ||    82

Table legend:
 A = Non-vault XP
 B = Vault XP
 C = Vault XP percentage of total XP
 D = Non-vault monster count
 E = Vault monster count
 F = Vault count percentage of total count
                 A         B        C        D         E       F
            +---------+---------+-------+---------+---------+-------
      Total |     188 |       6 |   3.1 |      64 |       3 |   4.5
            +---------+---------+-------+---------+---------+-------
        D:1 |      40 |       0 |   0.0 |      23 |       0 |   0.0
        D:2 |      47 |       6 |  11.3 |      19 |       3 |  13.6
        D:3 |     101 |       0 |   0.0 |      22 |       0 |   0.0
            +---------+---------+-------+---------+---------+-------
